 Dungeon Crawl Stone Soup version 0.27.0-1-g7a089689b8 (webtiles) character file.

Game seed: 9529294044139563668

67 Strat the Ruffian (level 4, -4/37 HPs)
             Began as a Ghoul Arcane Marksman on Aug 4, 2021.
             Slain by a scorpion (6 damage)
             ... on level 3 of the Dungeon.
             The game lasted 00:03:45 (2178 turns).

Strat the Ruffian (Ghoul Arcane Marksman)           Turns: 2178, Time: 00:03:46

Health: -4/37      AC:  8    Str: 14    XL:     4   Next: 18%
Magic:  4/4        EV: 10    Int:  8    God:
Gold:   138        SH:  0    Dex:  9    Spells: 4/5 levels left

rFire    . . .     SeeInvis .     - Unarmed
rCold    + . .     Faith    .   (no shield)
rNeg     + + +     Spirit   .   m - +0 ring mail
rPois    ∞         Reflect  .   (no helmet)
rElec    .         Harm     .   n - +0 cloak
rCorr    .         Rampage  .   (no gloves)
Will     .....                  o - +1 pair of boots
Stlth    ..........             (no amulet)
HPRegen  0.00/turn              (no ring)
MPRegen  0.09/turn              (no ring)

@: inhibited regen
A: claws 1, cold resistance 1, negative energy resistance 3, inhibited
regeneration, torment resistance 2
a: no special abilities


You were on level 3 of the Dungeon.
You visited 1 branch of the dungeon, and saw 3 of its levels.

You collected 138 gold pieces.

Inventory:

Hand Weapons
 a - a +0 hunting sling
Missiles
 c - 17 sling bullets
 f - 42 stones (quivered)
Armour
 d - a +0 robe
 i - a +0 leather armour
 m - a +0 ring mail (worn)
 n - a +0 cloak (worn)
 o - a +1 pair of boots (worn)
Scrolls
 j - a scroll of enchant armour {unknown}
 k - a scroll of enchant weapon {unknown}
 l - a scroll of identify {unknown}
 q - 3 scrolls of teleportation {unknown}
 r - a scroll of acquirement {unknown}
Potions
 b - a potion of heal wounds {unknown}
 e - a potion of ambrosia {unknown}
 g - a potion of lignification {unknown}
 h - a potion of cancellation {unknown}
 p - a potion of curing {unknown}


   Skills:
 + Level 2.5 Fighting
 - Level 1.7 Slings
 - Level 1.7 Dodging
 * Level 3.2 Unarmed Combat
 - Level 1.0 Spellcasting
 - Level 2.4 Hexes


You had 4 spell levels left.
You knew the following spells:

 Your Spells              Type           Power      Damage    Failure   Level
a - Corona                Hex            4%         N/A       30%         1

Your spell library contained the following spells:

 Spells                   Type           Power      Damage    Failure   Level
 Slow                     Hex            4%         N/A       43%         2
 Inner Flame              Hex/Fire       2%         N/A       83%         3
 Portal Projectile        Hex/Tloc       4%         N/A       83%         3
 Cause Fear               Hex            2%         N/A       97%         4


Dungeon Overview and Level Annotations

Branches:
Dungeon (3/15)

Altars:
Nemelex Xobeh

Annotations:
D:2 Sigmund


Innate Abilities, Weirdness & Mutations

You thrive by killing the living.
You are immune to poison.
You have sharp fingernails.
Your flesh is cold resistant. (rC+)
You are immune to negative energy. (rN+++)
You do not regenerate when monsters are visible.
You are immune to unholy pain and torment.


Message History

The scorpion misses you.
You closely miss the scorpion.
The scorpion is moderately wounded.
The scorpion stings you!
* * * LOW HITPOINT WARNING * * *
You closely miss the scorpion.
The scorpion is moderately wounded.
The scorpion stings you.
* * * LOW HITPOINT WARNING * * *
The scorpion stings you but does no damage.
You barely miss the scorpion.
The scorpion is moderately wounded.
The scorpion stings you.
* * * LOW HITPOINT WARNING * * *
You barely miss the scorpion.
The scorpion is moderately wounded.
The scorpion barely misses you.
You claw the scorpion!
The scorpion is severely wounded.
The scorpion barely misses you.
You closely miss the scorpion.
The scorpion is severely wounded.
The scorpion stings you but does no damage.
You closely miss the scorpion.
The scorpion is severely wounded.
The scorpion stings you.
* * * LOW HITPOINT WARNING * * *
You scratch the scorpion.
The scorpion is almost dead.
The scorpion stings you but does no damage.
The scorpion stings you.
* * * LOW HITPOINT WARNING * * *
You barely miss the scorpion.
The scorpion is almost dead.
The scorpion stings you.
* * * LOW HITPOINT WARNING * * *
You scratch the scorpion.
The scorpion is almost dead.
The scorpion stings you.
You die...

#.. #.. #.. #(.
#.. #.. #.s##
#@########.# ###
##.#.......#
..## ##..#######
##.###.###
#...#.## #.##.##
##....# #.
#.######..#..##
#.
#........###..##
#.


You could see a scorpion.

Vanquished Creatures
  A dart slug (D:1)
  An orc (D:3)
  4 bats
  8 endoplasms
  10 giant cockroaches
  2 goblins
  6 hobgoblins
  10 kobolds
  2 quokkas
  5 ball pythons
  3 frilled lizards
  3 rats
55 creatures vanquished.

Notes
Turn   | Place    | Note
-------+----------+-------------------------------------------
     0 | D:1      | Strat the Ghoul Arcane Marksman began the quest for the
                  | Orb.
     0 | D:1      | Reached XP level 1. HP: 16/16 MP: 1/1
   127 | D:1      | Reached skill level 1 in Unarmed Combat
   142 | D:1      | Reached XP level 2. HP: 23/23 MP: 2/2
   376 | D:1      | Found a faded altar of an unknown god.
   457 | D:1      | Reached skill level 2 in Unarmed Combat
   564 | D:1      | Reached XP level 3. HP: 26/29 MP: 3/3
  1061 | D:2      | Noticed Sigmund
  1657 | D:2      | Reached skill level 3 in Unarmed Combat
  1749 | D:2      | Reached XP level 4. HP: 37/37 MP: 4/4
  2127 | D:3      | Found a sparkling altar of Nemelex Xobeh.
  2160 | D:3      | Noticed a scorpion
  2178 | D:3      | Slain by a scorpion

Illustrated notes

Levels and vault maps discovered:
D:1:      amcnicky_arrival_underground_garden, layout_loops_ring,
          hellmonk_ecumenical_altar_crossroads, minmay_heptomino_d4
D:2:      minmay_roachtagon, layout_basic, minivault_25, chequers_jeans,
          uniq_sigmund
D:3:      layout_loops_ring, nemelex_diamond_rough_becter, old_standard_altar

Skill      XL: |  1  2  3 |
---------------+----------+-----
Unarmed Combat | 1 2 3 |  3.2
Fighting       | 2 |  2.5
Slings         | |  1.7
Dodging        | |  1.7
Spellcasting   | |  1.0
Hexes          | |  2.4

Action                   |  1- 3 |  4- 6 || total
-------------------------+-------+-------++-------
Melee: Unarmed           |    81 |    22 ||   103
 Fire: Hunting sling     |    72 |    18 ||    90
Armor: Robe              |     2 |       ||     2
       Leather armour    |    41 |       ||    41
       Ring mail         |     9 |    12 ||    21
Dodge: Dodged            |    85 |     9 ||    94
